 Dungeon Crawl Stone Soup version 0.30-a0-34-gbe8da3892a (webtiles) character file.

Game seed: 4352314596372211586

51 ytrimaz the Insei (level 3, 0/23 HPs)
             Began as an Octopode Transmuter on Aug 28, 2022.
             Slain by a bat (1 damage)
             ... on level 2 of the Dungeon.
             The game lasted 00:01:33 (1865 turns).

ytrimaz the Insei (Octopode Transmuter)             Turns: 1865, Time: 00:01:33

Health: 0/23       AC:  1    Str:  9    XL:     3   Next: 83%
Magic:  6/6        EV: 13    Int: 17    God:
Gold:   50         SH:  0    Dex: 12    Spells: 0/6 levels left

rFire   + . .      SeeInvis .      - Unarmed
rCold   + + .      Faith    .    (no shield)
rNeg    . . .      Spirit   .    (helmet restricted)
rPois   +          Reflect  .    (no amulet)
rElec   +          Harm     .    f - ring of protection from cold
rCorr   +          Rampage  .    (no ring)
Will    .....                    (no ring)
Stlth   ++........               (no ring)
HPRegen 0.07/turn                (no ring)
MPRegen 0.10/turn                (no ring)
                                 (no ring)
                                 (no ring)

@: resistant
A: almost no armour, amphibious, 8 rings, camouflage 1, gelatinous body 1,
(nimble swimmer 1), tentacles
a: no special abilities


You were on level 2 of the Dungeon.
You visited 1 branch of the dungeon, and saw 2 of its levels.

You collected 50 gold pieces.

Inventory:

Jewellery
 f - a ring of protection from cold (left tentacle)
Scrolls
 b - a scroll of vulnerability {unknown}
 g - a scroll of enchant armour {unknown}
Potions
 c - a potion of cancellation
 d - a potion of flight {unknown}
 e - a potion of ambrosia {unknown}


   Skills:
 - Level 1.0 Fighting
 - Level 2.0 Dodging
 - Level 4.0 Unarmed Combat
 + Level 2.2 Spellcasting
 + Level 2.2 Transmutations
 * Level 1.5 Poison Magic


You couldn't memorise any spells.
You knew the following spells:

 Your Spells              Type           Power      Damage    Failure   Level
a - Beastly Appendage     Tmut           18%        N/A       8%          1
b - Wereblood             Tmut           9%         N/A       12%         2
c - Spider Form           Tmut/Pois      8%         N/A       26%         3

Your spell library contained the following spells:

 Spells                   Type           Power      Damage    Failure   Level
 Ice Form                 Ice/Tmut       5%         N/A       75%         4


Dungeon Overview and Level Annotations

Branches:
Dungeon (2/15)

Altars:


Innate Abilities, Weirdness & Mutations

You cannot wear most types of armour.
You are amphibious.
You can wear up to eight rings at the same time.
Your skin changes colour to match your surroundings (Stealth+).
Your rubbery body absorbs attacks. (AC +1, EV +1)
((You are camouflaged when in or above water. (Stealth+)))
You have tentacles for arms and can constrict up to eight enemies at once.


Message History

The bat completely misses you.
There are monsters nearby!
You tentacle-slap the endoplasm but do no damage.
Your tentacle spike misses the endoplasm.
Your squeeze misses the endoplasm. The bat closely misses you.
The endoplasm freezes you.
You are frozen.
You resist.
Unknown command.
You tentacle-slap the endoplasm but do no damage.
You pierce the endoplasm.
The endoplasm is severely wounded.
Your tentacle spike disappears.
The bat barely misses you. The endoplasm hits you.
Unknown command.
You barely miss the endoplasm. Your squeeze misses the endoplasm.
The bat completely misses you. The endoplasm freezes you.
You are frozen.
You resist. The endoplasm barely misses you.
Unknown command.
You tentacle-slap the endoplasm.
You kill the endoplasm!
The bat hits you. The bat closely misses you.
The endoplasm hits you but does no damage.
The bat closely misses you.
You tentacle-slap the endoplasm but do no damage.
The bat hits you.
* * * LOW HITPOINT WARNING * * *
The endoplasm hits you.
* * * LOW HITPOINT WARNING * * *
You tentacle-slap the endoplasm. Your squeeze misses the endoplasm.
The endoplasm is almost dead.
The bat hits you but does no damage. The endoplasm hits you.
* * * LOW HITPOINT WARNING * * *
Unknown command.
You are too injured to fight recklessly!
Unknown command.
It was a potion of resistance.
You feel protected. The bat hits you.
You die...

.###....# #....# .#
#....# #....####
.###....# #.......#
...#....# #....# .##
.#.#....####....##..####
.#.#....................
...####.................
##.# #.................
#.# #........b@.......
##.# #..........J......
...# #.................
..## #.................
..### ############.....#
....# .....# ....#
.....# ....# .....#
....#


You could see an endoplasm and a bat.

Vanquished Creatures
  An adder (D:2)
  A worm (D:2)
  A dart slug (D:1)
  2 bats (D:1)
  3 endoplasms
  4 giant cockroaches
  A goblin (D:1)
  3 hobgoblins
  3 jackals (D:1)
  A quokka (D:1)
  5 ball pythons
  7 kobolds
  3 rats (D:1)
35 creatures vanquished.

Notes
Turn   | Place    | Note
-------+----------+-------------------------------------------
     0 | D:1      | ytrimaz the Octopode Transmuter began the quest for the
                  | Orb.
     0 | D:1      | Reached XP level 1. HP: 13/13 MP: 3/3
   179 | D:1      | Reached XP level 2. HP: 16/18 MP: 5/5
   383 | D:1      | Noticed a great orb of eyes
   386 | D:1      | Found a faded altar of an unknown god.
   387 | D:1      | Noticed a floating eye
   387 | D:1      | Noticed a great orb of eyes
   387 | D:1      | Noticed a floating eye
   540 | D:1      | Reached skill level 4 in Unarmed Combat
   983 | D:1      | Reached XP level 3. HP: 12/23 MP: 4/6
   986 | D:1      | Learned a level 2 spell: Wereblood
   990 | D:1      | Learned a level 3 spell: Spider Form
  1624 | D:2      | Reached skill level 1 in Poison Magic
  1864 | D:2      | HP: 1/23 [endoplasm (3)]
  1865 | D:2      | Slain by a bat

Illustrated notes

Levels and vault maps discovered:
D:1:      onia_arrival_mini_spirals, layout_loops_ring,
          hellmonk_ecumenical_altar_watching_god
D:2:      layout_basic

Skill      XL: |  1  2  3 |
---------------+----------+-----
Unarmed Combat | 4 |  4.0
Poison Magic   | 1 |  1.5
Fighting       | |  1.0
Dodging        | |  2.0
Spellcasting   | |  2.2
Transmutations | |  2.2

Action                   || total
-------------------------++-------
Melee: Unarmed           ||    80
       Constrict         ||    15
       Tentacles         ||    11
       Kick              ||    13
       Punch             ||     3
 Cast: Beastly Appendage ||    18
       Spider Form       ||     1
  Use: Potion            ||     3
       Scroll            ||     4
 Stab: Sleeping          ||     3
Armor: Skin              ||    36
Dodge: Dodged            ||    54

Table legend: (Time is in decaauts)
 A = Elapsed time spent in this place.
 B = Non-inter-level travel time spent in this place.
 C = Inter-level travel time spent in this place.
 D = Time resting spent in this place.
 E = Time spent auto-exploring this place.
 F = Levels seen in this place.
 G = Mean time per level.
                   A        B        C        D        E       F      G
               +--------+--------+--------+--------+--------+-----+--------+
         Total |   1859 |   1812 |     47 |      0 |   1546 |   2 |  929.5 |
       Dungeon |   1859 |   1812 |     47 |      0 |   1546 |   2 |  929.5 |
               +--------+--------+--------+--------+--------+-----+--------+

Top non-repeatable levels by time:
     D:1: 1500 daAuts
     D:2: 359 daAuts
